 Dungeon Crawl Stone Soup version 0.21-a0-91-ga5031da (webtiles) character file.

1835 Duffy the Insei (level 9, -10/61 HPs)
             Began as an Octopode Transmuter on June 29, 2017.
             Mangled by an orc warrior
             ... wielding a +0 glaive
              (15 damage)
             ... on level 6 of the Dungeon.
             The game lasted 00:09:39 (7009 turns).

Duffy the Insei (Octopode Transmuter)               Turns: 7009, Time: 00:09:40

Health: -10/61     AC:  2    Str:  9    XL:     9   Next: 11%
Magic:  10/12      EV: 27    Int: 26    God:
Gold:   248        SH:  0    Dex: 21    Spells: 2/12 levels left

rFire    . . .     SeeInvis .     - Unarmed
rCold    . . .     Gourm    .   (shield currently unavailable)
rNeg     . . .     Faith    .   (helmet currently unavailable)
rPois    x         Spirit   .   (no amulet)
rElec    .         Reflect  .   l - +6 ring of intelligence (curse)
rCorr    .         Harm     .   u - ring of stealth
MR       .....                  x - ring of stealth
Stlth    ++++......             (no ring)
HPRegen  0.20/turn              (no ring)
MPRegen  0.13/turn              (no ring)
                                (no ring)
                                (no ring)

@: brilliant, spider-form, hasted, very quick
A: almost no armour, stealthy swim, (amphibious), 8 rings, (constrict 8)
a: End Transformation


You were on level 6 of the Dungeon.
You were hungry.
You were a venomous arachnid creature.
You visited 1 branch of the dungeon, and saw 6 of its levels.

You collected 248 gold pieces.

Inventory:

Hand Weapons
 q - a +0 blowgun
Missiles
 a - 67 arrows
Armour
 t - a cursed +0 large shield
Jewellery
 l - a cursed +6 ring of intelligence (left front leg)
 u - a ring of stealth (right front leg)
 x - a ring of stealth (on tentacle)
Wands
 r - a wand of confusion (15/48)
 v - a wand of flame (24/48)
Scrolls
 f - 2 scrolls of fog {unknown}
 g - a scroll of enchant weapon {unknown}
 h - a scroll of magic mapping {unknown}
 j - a scroll of teleportation {unknown}
 p - a scroll of enchant armour {unknown}
 w - a scroll of random uselessness {unknown}
Potions
 d - 2 potions of haste
 e - 2 potions of might
 m - a potion of ambrosia
 o - 4 potions of curing
Books
 b - a book of Changes

   Spells                             Type                      Level
   a - Beastly Appendage              Transmutation                1
   b - Sticks to Snakes               Transmutation                2
   c - Spider Form                    Transmutation/Poison         3
   d - Ice Form                       Ice/Transmutation            4
   e - Blade Hands                    Transmutation                5
Comestibles
 c - 4 bread rations
 k - 4 fruits
 s - 2 royal jellies


   Skills:
 + Level 5.0 Fighting
 - Level 6.8 Dodging
 * Level 7.8 Unarmed Combat
 - Level 2.0 Spellcasting
 - Level 3.0 Transmutations
 - Level 2.5 Poison Magic


You had 2 spell levels left.
You knew the following spells:

 Your Spells              Type           Power        Failure   Level  Hunger
a - Ice Form              Ice/Tmut       ####....     12%         4    ####...
e - Beastly Appendage     Tmut           ####..       1%          1    None
h - Spider Form           Tmut/Pois      ####......   3%          3    ###....
s - Sticks to Snakes      Tmut           ####....     1%          2    ##.....


Dungeon Overview and Level Annotations

Branches:
Dungeon (6/15)
 Temple: D:4-7

Altars:
Yredelemnul

Annotations:
D:4 !, exclusion: storm dragon


Innate Abilities, Weirdness & Mutations

You cannot wear most types of armour.
You are very stealthy in the water. (Stealth+)
((You are amphibious.))
You can wear up to eight rings at the same time.
((You can use your tentacles to constrict eight enemies at once.))
((Your skin changes colour to match your surroundings (Stealth+).))
((Your rubbery body absorbs attacks. (AC +1, EV +1)))


Message History

You bite the orc priest!
The orc priest is severely wounded.
The orc priest invokes the aid of Beogh against you.
Beogh smites you!
You closely miss the orc warrior.
The orc warrior is moderately wounded.
The orc warrior completely misses you.
You bite the orc warrior!
The orc warrior is almost dead.
The orc priest closely misses you.
You bite the orc priest!
You kill the orc priest!
Your Fighting skill increases to level 5!
The orc warrior completely misses you.
You barely miss the orc warrior.
The orc warrior is almost dead.
You closely miss the orc warrior.
The orc warrior is almost dead.
The orc warrior hits you with a glaive!
You die...

#)#.# #. #.#.# #.# #.#.#
#.# ######.#.# #.#
#........# ##.##
#.#####.## ###...# .#
#.# #.# #.....)
....###.#####.###
#.#...# #.....)so.....#
##.##.##
#####.#####.#.###.#.#.##
#.# ###......###.... #F#
#.......#.#.####
#.#######o#
#.###.####.##
.....o..o.###.# #.# #)#
.....o........###.# #)#
.##o#####......##.# #.#
#.####.##># #.#


You could see an orc warrior.

Vanquished Creatures
  Pikel (D:4)
  Menkaure (D:4)
  A water moccasin (D:5)
  An orc warrior (D:6)
  4 slaves (D:4)
  2 ogres (D:4)
  A centaur (D:6)
  A big kobold (D:6)
  A bullfrog (D:6)
  2 scorpions (D:5)
  A jelly (D:5)
  3 hounds (D:5)
  3 orc priests
  Ijyb (D:4)
  2 centaur skeletons
  An iguana (D:4)
  2 worker ants (D:4)
  Robin (D:4)
  A worker ant zombie (D:5)
  5 adders
  2 adder skeletons
  2 worms (D:2)
  4 dart slugs
  2 leopard geckos
  19 orcs
  6 bats
  7 giant cockroaches
  2 gnoll zombies (D:4)
  14 goblins
  12 hobgoblins
  11 jackals
  6 kobolds
  3 quokkas
  4 frilled lizards
  A quokka skeleton (D:5)
  6 rats
136 creatures vanquished.

Notes
Turn   | Place    | Note
-------+----------+-------------------------------------------
     0 | D:1      | Duffy the Octopode Transmuter began the quest for the Orb.
     0 | D:1      | Reached XP level 1. HP: 13/13 MP: 3/3
    75 | D:1      | Reached XP level 2. HP: 18/18 MP: 5/5
   175 | D:1      | Learned a level 2 spell: Sticks to Snakes
   948 | D:2      | Reached XP level 3. HP: 20/24 MP: 6/6
  1074 | D:2      | Learned a level 3 spell: Spider Form
  1363 | D:2      | Reached skill level 4 in Unarmed Combat
  1585 | D:2      | Reached skill level 1 in Poison Magic
  1858 | D:2      | Reached XP level 4. HP: 29/29 MP: 7/7
  3358 | D:4      | Noticed an ogre
  3377 | D:4      | Killed an ogre
  3377 | D:4      | Reached XP level 5. HP: 16/34 MP: 0/8
  3566 | D:4      | Noticed an ogre
  3581 | D:4      | Killed an ogre
  3581 | D:4      | Reached XP level 6. HP: 15/39 MP: 6/9
  3680 | D:4      | Noticed Robin
  3786 | D:4      | Killed Robin
  4184 | D:4      | Reached skill level 5 in Unarmed Combat
  4320 | D:4      | Noticed a slave
  4321 | D:4      | Noticed a slave
  4322 | D:4      | Noticed Pikel
  4336 | D:4      | Killed a slave
  4342 | D:4      | Killed a slave
  4366 | D:4      | Noticed a slave
  4384 | D:4      | Killed a slave
  4651 | D:4      | Noticed Menkaure
  4673 | D:4      | Killed Menkaure
  4673 | D:4      | Reached XP level 7. HP: 22/46 MP: 4/10
  4959 | D:4      | Killed Pikel
  4959 | D:4      | Reached XP level 8. HP: 21/52 MP: 7/11
  4988 | D:4      | Noticed Ijyb
  5304 | D:4      | Found a basalt altar of Yredelemnul.
  5423 | D:4      | Noticed a storm dragon
  5470 | D:4      | Killed Ijyb
  5483 | D:5      | Entered Level 5 of the Dungeon
  5489 | D:5      | Learned a level 4 spell: Ice Form
  5830 | D:5      | Reached skill level 6 in Unarmed Combat
  6509 | D:6      | Reached skill level 7 in Unarmed Combat
  6654 | D:6      | Reached XP level 9. HP: 56/60 MP: 12/12
  7007 | D:6      | Reached skill level 5 in Fighting
  7009 | D:6      | Mangled by an orc warrior

Vault maps used:
D:1:      zaba_arrival_water, minivault_14, hex_medium, hex_large
D:2:      fountainhead
D:3:      roderic_curled_sauvastika
D:4:      lemuel_zombie_altar_yredelemnul, kennysheep_generic_room_3,
          uniq_menkaure, uniq_ijyb, uniq_robin, uniq_pikel
D:5:      first_bread
D:6:      minmay_temple_entry_grid, serial_shops, shop, roderic_serpentine_path

Skill      XL: |  1  2  3  4  5  6  7  8  9 |
---------------+----------------------------+-----
Fighting       | 2 3 4 5 |  5.0
Unarmed Combat | 4 5 7 |  7.8
Poison Magic   | 1 2 |  2.5
Dodging        | 3 4 6 |  6.8
Transmutations | 3 |  3.0
Spellcasting   | |  2.0

Action                   |  1- 3 |  4- 6 |  7- 9 || total
-------------------------+-------+-------+-------++-------
Melee: Unarmed           |    93 |   141 |   137 ||   371
       Constrict         |    24 |    18 |    14 ||    56
       Tentacles         |    14 |     4 |    19 ||    37
       Punch             |     1 |       |       ||     1
 Cast: Spider Form       |     1 |    12 |    11 ||    24
       Sticks to Snakes  |       |     2 |       ||     2
  Use: Scroll            |       |       |     4 ||     4
       Potion            |       |       |     2 ||     2
 Stab: Sleeping          |     8 |     8 |     8 ||    24
       Distracted        |       |     1 |     1 ||     2
  Eat: Chunk             |     3 |    11 |     8 ||    22
Armor: Skin              |     4 |    10 |     6 ||    20
Dodge: Dodged            |    52 |    78 |    88 ||   218
